 Dungeon Crawl Stone Soup version 0.28.0-53-g5a82cb258f (webtiles) character file.

Game seed: 9525692480427220394

5441 infcreate the Covert (level 10, -6/50 HPs)
             Began as a Vampire Enchanter on Aug 8, 2022.
             Was a Follower of Dithmenos.
             Mangled by Gastronok (32 damage)
             ... on level 8 of the Dungeon.
             The game lasted 00:23:05 (11065 turns).

infcreate the Covert (Vampire Enchanter)           Turns: 11065, Time: 00:23:05

Health: -6/50      AC:  9    Str:  7    XL:     10   Next: 41%
Magic:  5/20       EV: 17    Int: 18    God:    Dithmenos [*.....]
Gold:   336        SH:  0    Dex: 19    Spells: 11/22 levels left

rFire   . . .      SeeInvis +   E - +6 dagger
rCold   + + +      Faith    .   (no shield)
rNeg    + + +      Spirit   .   m - +2 robe {rC+}
rPois   ∞          Reflect  .   y - +1 helmet
rElec   .          Harm     .   (no cloak)
rCorr   .          Rampage  .   p - +2 pair of gloves
Will    ++...                   (no boots)
Stlth   +++++++++.              (no amulet)
HPRegen 0.00/turn               W - ring of willpower
MPRegen 0.17/turn               (no ring)

@: bloodless, inhibited regen, wreathed by umbra
A: bloodless, fangs 3, see invisible, vampiric 2
a: Bat Form, Revivify, Renounce Religion


You were on level 8 of the Dungeon.
You worshipped Dithmenos.
Dithmenos was aware of your devotion.
You visited 2 branches of the dungeon, and saw 9 of its levels.

You collected 336 gold pieces.


Innate Abilities, Weirdness & Mutations

You do not regenerate when monsters are visible.
You are frail without blood (-20% HP).
You can heal yourself when you bite living creatures.
You are immune to poison.
You have razor-sharp teeth.
You have supernaturally acute eyesight. (SInv)
You are afflicted with vampirism and can become a bat while bloodless.


   Skills:
 + Level 7.6 Short Blades
 + Level 7.9 Dodging
 + Level 11.6 Stealth
 + Level 6.7 Spellcasting
 + Level 10.9 Hexes


You had 11 spell levels left.
You knew the following spells:

 Your Spells              Type           Power      Damage    Failure   Level
c - Confusing Touch       Hex            45%        N/A       1%          3
d - Tukima's Dance        Hex            45%        N/A       1%          3
e - Ensorcelled Hibernat  Hex/Ice        50%        N/A       1%          2
f - Dazzling Flash        Conj/Hex       50%        N/A       3%          3

Your spell library contained the following spells:

 Spells                   Type           Power      Damage    Failure   Level
 Shock                    Conj/Air       24%        1d4       11%         1
 Gell's Gravitas          Tloc           6%         N/A       32%         3
 Swiftness                Air            6%         N/A       32%         3
 Teleport Other           Tloc           6%         N/A       32%         3
 Airstrike                Air            3%         N/A       73%         4
 Iskenderun's Mystic Bla  Conj/Tloc      6%         2d4       73%         4
 Summon Lightning Spire   Summ/Air       6%         N/A       73%         4
 Lightning Bolt           Conj/Air       3%         1d14      97%         5
 Dispersal                Tloc           3%         N/A       100%        6
 Starburst                Conj/Fire      3%         6d3       100%        6

Inventory:

Hand Weapons
 E - a +6 dagger (weapon)
Missiles
 h - 2 throwing nets (quivered) {=f}
 k - 241 stones
Armour
 m - a +2 robe of cold resistance (worn)
 p - a +2 pair of gloves (worn)
 y - a +1 helmet (worn)
Jewellery
 W - a ring of willpower (left hand)
Wands
 a - a wand of polymorph (11)
 x - a wand of flame (25)
 A - a wand of acid (5)
 C - a wand of mindburst (13)
Scrolls
 b - 2 scrolls of noise {unknown}
 e - 3 scrolls of enchant armour {unknown}
 i - a scroll of identify {@r1}
 l - a scroll of blinking
 q - 2 scrolls of amnesia
 r - a scroll of magic mapping {unknown}
 s - a scroll of summoning {unknown}
 t - a scroll of fear {unknown}
 u - a scroll of fog {unknown}
 w - 3 scrolls of vulnerability {unknown}
 z - a scroll of brand weapon {unknown}
 B - 2 scrolls of immolation {unknown}
 D - a scroll of torment {unknown}
Potions
 c - a potion of invisibility
 d - a potion of degeneration {unknown}
 f - 2 potions of heal wounds {@q2}
 g - a potion of haste {unknown}
 j - a potion of mutation {unknown}
 n - 4 potions of curing {@q1}
 o - 2 potions of ambrosia
 v - 2 potions of brilliance {unknown}

Dungeon Overview and Level Annotations

Branches:
Dungeon (8/15)             Temple (1/1) D:6
   Lair: D:8-11

Altars:
Ashenzari
Cheibriados
Dithmenos
Elyvilon
Fedhas
Gozag
Hepliaklqana
Kikubaaqudgha
Makhleb
Nemelex Xobeh
Okawaru
Qazlal
Ru
Sif Muna
Trog
Uskayaw
Vehumet
Wu Jian
Xom
Yredelemnul
Zin
The Shining One

Annotations:
D:8 Gastronok

###########w...#
#............#
#####............#
#................#
#.###............#
#.# #........w...#
#.# #............#
#.# #....w.......#
#@# #..).....#.###
#w###........#.#
#..............#
#.##############
#.# #.# #.# #.#
#.#


You could see Gastronok.


Message History

The air twists around and strikes you!
You start resting.
Gastronok is nearby!
Casting: Ensorcelled Hibernation (safe; 1% risk of failure)
Confirm with . or Enter, or press ? or * to list all spells.
Casting: Dazzling Flash (dangerous; 3% risk of failure)
Press: ? - help, Dir - look around, f - activate Unknown command.
Casting: Dazzling Flash (dangerous; 3% risk of failure)
Confirm with . or Enter, or press ? or * to list all spells.
Casting: Dazzling Flash (dangerous; 3% risk of failure)
Press: ? - help, Dir - look around, f - activate Unknown command.
Casting: Dazzling Flash (dangerous; 3% risk of failure)
Confirm with . or Enter, or press ? or * to list all spells.
Casting: Dazzling Flash (dangerous; 3% risk of failure)
Press: ? - help, Dir - look around, f - activate Gastronok waves his eye-stalks in wide circles.
The air twists around and strikes you!
Casting: Dazzling Flash (dangerous; 3% risk of failure)
Confirm with . or Enter, or press ? or * to list all spells.
Casting: Dazzling Flash (dangerous; 3% risk of failure)
Press: ? - help, Dir - look around, f - activate
Casting: Dazzling Flash (dangerous; 3% risk of failure)
Confirm with . or Enter, or press ? or * to list all spells.
Casting: Dazzling Flash (dangerous; 3% risk of failure)
Press: ? - help, Dir - look around, f - activate Gastronok bites you!!
Ouch! That really hurt!
You die...

Skill      XL: |  1  2  3  4  5  6  7  8  9 10 |
---------------+-------------------------------+-----
Stealth        | 5 6 7 9 10 11 | 11.6
Short Blades   | 2 3 4 5 7 |  7.6
Hexes          | 5 6 7 8 10 | 10.9
Dodging        | 3 4 5 6 7 |  7.9
Spellcasting   | 3 4 5 6 |  6.7

Action                   |  1- 3 |  4- 6 |  7- 9 | 10-12 || total
-------------------------+-------+-------+-------+-------++-------
Melee: Dagger            |    76 |   175 |   287 |    99 ||   637
       Bite              |     8 |    14 |    47 |    17 ||    86
       Punch             |     3 |     1 |     1 |     1 ||     6
Throw: Throwing net      |       |       |     1 |       ||     1
 Cast: Ensorcelled Hiber |    17 |    15 |     8 |     2 ||    42
       Confusing Touch   |     3 |    17 |    50 |    25 ||    95
       Tukima's Dance    |       |     5 |    20 |    19 ||    44
       Dazzling Flash    |       |       |       |     5 ||     5
 Abil: Exsanguinate      |     1 |       |       |       ||     1
  Use: Scroll            |     2 |     1 |     3 |     3 ||     9
       Potion            |       |       |       |     1 ||     1
 Stab: Sleeping          |    24 |    41 |    22 |     1 ||    88
       Confused          |     1 |    13 |    34 |    18 ||    66
       Distracted        |       |       |       |     1 ||     1
Armor: Robe              |     5 |    31 |    38 |    12 ||    86
Dodge: Dodged            |    37 |    58 |   114 |    41 ||   250

Levels and vault maps discovered:
D:1:      mrwooster_arrival_statue_2, layout_loops_corners,
          grunt_decor_arrowhead, minmay_cupped
D:2:      layout_loops_corners, dreamdust_ecumenical_altar_sealed_demon,
          uniq_jessica
D:3:      minmay_chambers_of_twos, layout_basic, serial_undead, serial_undead_e,
          serial_undead_c, serial_undead_f, serial_undead_c, serial_undead_d,
          serial_undead_a, kennysheep_generic_room_6
D:4:      layout_cave_pools, nicolae_overflow_squiral
D:5:      layout_rooms, kennysheep_nub, uniq_ijyb
D:6:      nicolae_cairo_tiling, layout_loops_ring,
          minmay_temple_entry_from_below_a, uniq_menkaure, uniq_sigmund
D:7:      layout_gridville, worms_lemuel, uniq_pikel
D:8:      layout_basic, uniq_gastronok, uniq_erica
Temple:   mainiacjoe_temple_cubbyholes

Notes
Turn   | Place    | Note
-------+----------+-------------------------------------------
     0 | D:1      | infcreate the Vampire Enchanter began the quest for the
                  | Orb.
     0 | D:1      | Reached XP level 1. HP: 13/13 MP: 3/3
   334 | D:1      | Reached XP level 2. HP: 15/15 MP: 5/5
   337 | D:1      | Learned a level 2 spell: Ensorcelled Hibernation
  1046 | D:1      | Gained mutation: You are afflicted with vampirism and can
                  | become a bat while bloodless. [Vampire growth]
  1046 | D:1      | Reached XP level 3. HP: 19/19 MP: 6/6
  1050 | D:1      | Learned a level 3 spell: Confusing Touch
  1367 | D:2      | Reached skill level 5 in Stealth
  1594 | D:2      | Reached skill level 2 in Short Blades
  1594 | D:2      | Reached skill level 5 in Hexes
  1859 | D:2      | Reached XP level 4. HP: 24/24 MP: 7/7
  1863 | D:2      | Learned a level 3 spell: Tukima's Dance
  1964 | D:2      | Reached skill level 3 in Dodging
  2201 | D:2      | Noticed Jessica
  2204 | D:2      | Killed Jessica
  2303 | D:2      | Found a faded altar of an unknown god.
  2303 | D:2      | Noticed a chaos spawn
  2306 | D:2      | Reached XP level 5. HP: 28/28 MP: 9/9
  2876 | D:3      | Noticed an ice beast
  2919 | D:3      | Killed an ice beast
  2920 | D:3      | Reached skill level 6 in Stealth
  2920 | D:3      | Reached skill level 3 in Spellcasting
  3298 | D:3      | Reached XP level 6. HP: 32/32 MP: 7/10
  3302 | D:3      | Learned a level 3 spell: Dazzling Flash
  3364 | D:3      | Reached skill level 3 in Short Blades
  3712 | D:3      | Reached skill level 6 in Hexes
  4503 | D:3      | Identified the +1 leather armour of Cynicism {Str+2}
  4732 | D:4      | Reached skill level 4 in Dodging
  4757 | D:4      | Reached XP level 7. HP: 36/36 MP: 12/12
  4779 | D:4      | Found an ornate altar of the Wu Jian Council.
  4782 | D:4      | Found an iron altar of Okawaru.
  4920 | D:4      | Reached skill level 7 in Stealth
  4960 | D:4      | Identified the +8 mace "Uxipni" {protect, Str+5 Dex-5}
  5401 | D:4      | Reached skill level 4 in Short Blades
  5590 | D:5      | Entered Level 5 of the Dungeon
  5650 | D:5      | Reached skill level 4 in Spellcasting
  5650 | D:5      | Reached skill level 7 in Hexes
  5666 | D:5      | Noticed Ijyb
  5718 | D:5      | Killed Ijyb
  6135 | D:5      | Reached skill level 5 in Dodging
  6135 | D:5      | Reached XP level 8. HP: 39/41 MP: 10/14
  6278 | D:6      | Found a staircase to the Ecumenical Temple.
  6286 | D:6      | Noticed a hornet
  6308 | D:6      | Noticed a kobold demonologist
  6333 | D:6      | Killed a kobold demonologist
  6334 | D:6      | Reached skill level 5 in Short Blades
  6334 | D:6      | Reached skill level 8 in Stealth
  6334 | D:6      | Reached skill level 8 in Hexes
  6566 | D:6      | Noticed Sigmund
  6692 | D:6      | Reached skill level 5 in Spellcasting
  6758 | D:6      | Noticed Menkaure
  6761 | D:6      | Killed Menkaure
  6762 | D:6      | Reached skill level 9 in Stealth
  6941 | D:6      | Reached skill level 6 in Dodging
  7026 | D:6      | Killed a hornet
  7027 | D:6      | Reached XP level 9. HP: 20/45 MP: 11/16
  7289 | D:6      | Killed Sigmund
  7290 | D:6      | Reached skill level 9 in Hexes
  7475 | D:7      | Noticed Pikel
  7510 | D:6      | Killed Pikel
  7511 | D:6      | Reached skill level 6 in Short Blades
  7511 | D:6      | Reached skill level 10 in Stealth
  7521 | Temple   | Entered the Ecumenical Temple
  7844 | Temple   | Became a worshipper of Dithmenos the Shadowed
  8383 | D:7      | Reached skill level 6 in Spellcasting
  8588 | D:7      | Reached skill level 7 in Dodging
  8674 | D:7      | HP: 4/45 [swamp worm (21)]
  9012 | D:7      | Reached skill level 10 in Hexes
  9427 | D:8      | Reached * piety under Dithmenos
  9553 | D:8      | Reached skill level 7 in Short Blades
  9574 | D:8      | Reached XP level 10. HP: 45/50 MP: 15/19
  9587 | D:8      | Noticed Gastronok
  9646 | D:8      | Reached skill level 11 in Stealth
 10073 | D:8      | Noticed Erica
 10130 | D:8      | HP: 1/50 [Gastronok/the air (26)]
 10367 | D:8      | Killed Erica
 11065 | D:8      | Mangled by Gastronok

Vanquished Creatures
  Erica (D:8)
  Pikel (D:6)
  A kobold demonologist (D:6)
  A hornet (D:6)
  Sigmund (D:6)
  3 yaks (D:8)
  Menkaure (D:6)
  2 swamp worms (D:7)
  3 orc warriors (D:8)
  4 ogres
  A necrophage (D:4)
  A black bear (D:4)
  3 ice beasts
  A centaur (D:8)
  A phantom (D:6)
  3 bullfrogs
  A kobold brigand (D:7)
  A gnoll sergeant (D:8)
  4 scorpions
  2 wights (D:8)
  3 howler monkeys (D:7)
  A jelly (D:3)
  7 orc priests
  A hound (D:5)
  Jessica (D:2)
  A gnoll shaman (D:7)
  Ijyb (D:5)
  3 orc wizards
  A killer bee zombie (D:4)
  A hound skeleton (D:4)
  14 adders
  11 gnolls
  A shadow imp (D:6)
  6 worms
  A dart slug (D:1)
  19 orcs
  4 bats
  12 endoplasms
  3 giant cockroaches
  6 goblins
  10 hobgoblins
  12 jackals
  8 quokkas
  7 ball pythons
  A frilled lizard (D:1)
  12 kobolds
  7 rats
190 creatures vanquished.

Vanquished Creatures (collateral kills)
  An ogre (D:6)
  2 wights (D:8)
  4 gnolls
  10 orcs
  An endoplasm (D:4)
  A kobold (D:7)
19 creatures vanquished.

Vanquished Creatures (others)
  12 dancing weapons
  A demonic plant (D:2)
  3 plants (D:7)
16 creatures vanquished.

Grand Total: 225 creatures vanquished

Table legend: (Time is in decaauts)
 A = Elapsed time spent in this place.
 B = Non-inter-level travel time spent in this place.
 C = Inter-level travel time spent in this place.
 D = Time resting spent in this place.
 E = Time spent auto-exploring this place.
 F = Levels seen in this place.
 G = Mean time per level.
                   A        B        C        D        E       F      G
               +--------+--------+--------+--------+--------+-----+--------+
         Total |  10930 |  10537 |    393 |   1444 |   6853 |   9 | 1214.4 |
       Dungeon |  10576 |  10245 |    331 |   1444 |   6564 |   8 | 1322.0 |
        Temple |    353 |    291 |     62 |      0 |    289 |   1 |  353.0 |
               +--------+--------+--------+--------+--------+-----+--------+

Top non-repeatable levels by time:
     D:3: 2174 daAuts
     D:7: 1798 daAuts
     D:2: 1426 daAuts
     D:8: 1374 daAuts
     D:1: 1313 daAuts
     D:6: 1188 daAuts
     D:5: 657 daAuts
     D:4: 644 daAuts
  Temple: 353 daAuts

Table legend:
 A = Non-vault XP
 B = Vault XP
 C = Vault XP percentage of total XP
 D = Non-vault monster count
 E = Vault monster count
 F = Vault count percentage of total count
                 A         B        C        D         E       F
            +---------+---------+-------+---------+---------+-------
      Total |    5448 |    2325 |  29.9 |     188 |      21 |  10.0
            +---------+---------+-------+---------+---------+-------
        D:1 |      44 |       4 |   8.3 |      24 |       3 |  11.1
        D:2 |     134 |      37 |  21.6 |      31 |       1 |   3.1
        D:3 |     348 |      16 |   4.4 |      28 |      10 |  26.3
        D:4 |     421 |       0 |   0.0 |      17 |       0 |   0.0
        D:5 |     535 |      35 |   6.1 |       7 |       1 |  12.5
        D:6 |    1271 |    1083 |  46.0 |      18 |       3 |  14.3
        D:7 |     917 |     324 |  26.1 |      27 |       2 |   6.9
        D:8 |    1778 |     826 |  31.7 |      36 |       1 |   2.7
            +---------+---------+-------+---------+---------+-------
